Map: Blackpink LE

Players

Indy - Winner!

  • Race: Protoss Protoss
  • League: Grandmaster
  • Spawn Location: 1:00

ToczaMan

  • Race: Protoss Protoss
  • League: Diamond
  • Spawn Location: 7:00

VOD

Have the link to the VOD?

Description

Time

  • Played on: Jan. 20, 2018, 4:19 a.m.
  • Length: 17:27
Show
View Real Time Build Order
Export as new Build Order

Indy Protoss - Winner!

Build Orders: Archon Immortal, Carriers 

Get SALT Encoding   

  12  0:00  Probe  
  13  0:12  Probe  
  14  0:17  Pylon  
  14  0:24  Probe  
  15  0:36  Gateway  
  15  0:38  Probe (Chrono Boost)  
  16  0:47  Probe (Chrono Boost)  
  16  0:49  Assimilator  
  17  0:52  Probe (Chrono Boost)  
  17  0:56  Assimilator  
  18  1:04  Probe  
  18  1:10  Gateway  
  19  1:16  Probe  
  20  1:23  Cybernetics Core  
  20  1:28  Probe  
  21  1:40  Probe  
  21  1:42  Pylon  
  22  1:52  Probe  
  23  2:00  Stalker, Warp Gate (Chrono Boost)  
  27  2:03  Sentry  
  27  2:06  Probe  
  28  2:13  Pylon  
  28  2:31  Stalker x2  
  32  2:54  Nexus  
  32  3:09  Robotics Facility  
  32  3:11  Probe  
  33  3:17  Shield Battery  
  33  3:23  Probe  
  33  3:24  Sentry  
  36  3:31  Shield Battery  
  36  3:35  Probe  
  37  3:43  Pylon  
  37  3:47  Probe  
  38  3:58  Immortal (Chrono Boost)  
  38  3:59  Probe  
  43  4:12  Probe (Chrono Boost)  
  43  4:13  Probe (Chrono Boost)  
  45  4:21  Sentry  
  45  4:22  Probe x2 (Chrono Boost)  
  49  4:27  Probe x2 (Chrono Boost), Twilight Council  
  49  4:31  Observer  
  52  4:38  Probe  
  53  4:39  Probe  
  53  4:44  Forge  
  54  4:50  Probe  
  54  4:51  Probe  
  56  4:54  Pylon  
  56  5:02  Probe  
  56  5:03  Probe, Immortal  
  62  5:08  Blink  
  62  5:14  Probe  
  62  5:15  Probe  
  62  5:17  Protoss Ground Weapons Level 1  
  64  5:25  Gateway  
  64  5:28  Gateway  
  64  5:33  Assimilator  
  66  5:36  Assimilator  
  66  5:39  Probe  
  66  5:42  Pylon  
  65  5:44  Immortal  
  69  5:58  Pylon  
  69  6:00  Pylon  
  69  6:09  Nexus  
  69  6:10  Pylon  
  69  6:24  Immortal (Chrono Boost)  
  69  6:29  Gateway  
  73  6:32  Gateway  
  73  6:37  Templar Archives  
  73  6:40  Gateway  
  73  6:42  Gateway  
  73  6:45  Probe  
  73  6:46  Probe  
  75  6:52  Zealot x2  
  79  6:57  Stalker  
  79  7:00  Stalker  
  83  7:06  Shield Battery  
  83  7:13  High Templar x2  
  87  7:17  Archon  
  87  7:19  Shield Battery  
  87  7:21  High Templar  
  89  7:23  High Templar  
  89  7:27  Charge (Chrono Boost)  
  89  7:28  Archon  
  91  7:37  Zealot  
  91  7:38  Zealot x2  
  97  7:44  Probe x2  
  97  7:45  Probe  
  100  7:54  Zealot x3  
  100  7:56  Probe  
  100  7:57  Probe x2  
  105  8:00  Zealot  
  105  8:01  Zealot x3  
  107  8:07  Protoss Ground Weapons Level 2 (Chrono Boost)  
  107  8:08  Probe  
  107  8:09  Probe x2  
  110  8:19  Pylon  
  110  8:20  Pylon  
  110  8:23  Probe  
  110  8:24  Probe x2  
  113  8:31  Assimilator  
  113  8:34  Zealot, Assimilator  
  113  8:35  Probe  
  113  8:36  Probe  
  113  8:38  Probe  
  118  8:48  Warp Prism (Chrono Boost)  
  118  8:50  Probe  
  118  8:51  Probe x2  
  123  9:03  Pylon, High Templar  
  123  9:04  Pylon, High Templar x3  
  123  9:05  High Templar  
  123  9:08  Pylon  
  123  9:09  Pylon, Archon x2  
  133  9:14  Nexus  
  133  9:15  Pylon  
  133  9:17  Pylon  
  133  9:31  Photon Cannon  
  133  9:34  Shield Battery, Photon Cannon  
  133  9:35  Photon Cannon  
  133  9:41  Forge, Immortal  
  133  9:43  Stargate  
  137  9:48  Probe x2  
  137  9:49  Probe  
  140  9:56  Protoss Air Weapons Level 1 (Chrono Boost)  
  140  10:04  Probe x3  
  140  10:05  High Templar x2  
  147  10:09  Zealot  
  147  10:10  Zealot x3  
  155  10:20  Protoss Shields Level 1 (Chrono Boost), Protoss Ground Weapons Level 3 (Chrono Boost)  
  155  10:22  Probe x3  
  155  10:26  High Templar  
  155  10:27  Zealot  
  162  10:33  Archon  
  162  10:35  Pylon  
  162  10:36  Assimilator x2  
  162  10:37  Photon Cannon  
  160  10:59  Zealot x3  
  160  11:00  Zealot x3  
  160  11:01  Zealot x2  
  160  11:04  Warp Prism  
  156  11:13  Pylon  
  156  11:15  High Templar x4  
  156  11:16  High Templar x2  
  164  11:21  Archon  
  156  11:25  Archon x2  
  156  11:26  Archon  
  156  11:32  Zealot x2  
  160  11:35  Stargate  
  160  11:36  Stargate  
  160  11:38  Phoenix, Fleet Beacon  
  157  11:58  Gateway  
  157  11:59  Gateway, Protoss Air Weapons Level 2 (Chrono Boost)  
  157  12:00  Pylon x2, Gateway  
  157  12:01  Gateway  
  157  12:02  Gateway  
  157  12:09  Gateway  
  157  12:25  Pylon, Protoss Shields Level 2 (Chrono Boost)  
  175  12:45  Graviton Catapult, Carrier x2 (Chrono Boost)  
  175  12:47  Carrier (Chrono Boost)  
  175  12:58  Nexus  
  175  13:01  Pylon  
  175  13:04  Assimilator  
  175  13:05  Mothership (Chrono Boost), Assimilator  
  183  13:22  Photon Cannon  
  183  13:24  Photon Cannon  
  183  13:26  Photon Cannon x2  
  183  13:28  Photon Cannon x2  
  183  13:29  Shield Battery, Photon Cannon x2  
  183  13:30  Shield Battery, Photon Cannon  
  183  13:31  Shield Battery  
  183  13:34  Pylon  
  183  13:35  Photon Cannon  
  197  13:58  Carrier x2 (Chrono Boost)  
  197  14:05  Carrier (Chrono Boost)  
  197  14:13  Observer  
  197  14:19  Protoss Air Weapons Level 3 (Chrono Boost)  
  197  14:24  Protoss Ground Armor Level 1 (Chrono Boost)  
  196  14:34  Photon Cannon  
  195  14:38  Pylon  
  195  14:51  Protoss Shields Level 3 (Chrono Boost)  
  189  16:11  Stalker  
  189  16:12  Stalker x4  
  198  16:21  Zealot  
  198  16:23  Zealot x4  
Show
View Real Time Build Order
Export as new Build Order

ToczaMan Protoss 

Build Orders: Archon Immortal 

Get SALT Encoding   

  12  0:00  Probe  
  13  0:12  Probe  
  14  0:18  Pylon  
  14  0:24  Probe  
  15  0:37  Probe (Chrono Boost)  
  15  0:38  Gateway  
  16  0:46  Assimilator  
  16  0:48  Probe (Chrono Boost)  
  17  0:53  Probe (Chrono Boost)  
  17  0:56  Assimilator  
  18  1:04  Probe  
  19  1:10  Gateway  
  19  1:16  Probe  
  20  1:25  Cybernetics Core  
  20  1:28  Probe  
  21  1:38  Pylon  
  21  1:40  Probe  
  22  1:52  Probe  
  23  1:59  Warp Gate (Chrono Boost)  
  23  2:01  Stalker x2  
  23  2:04  Probe  
  28  2:25  Pylon  
  28  2:31  Stalker  
  30  2:43  Stalker  
  32  2:51  Nexus  
  32  3:08  Probe  
  32  3:12  Robotics Facility  
  32  3:17  Pylon, Sentry  
  36  3:20  Sentry  
  36  3:23  Probe  
  37  3:35  Probe  
  38  3:44  Twilight Council  
  38  3:47  Probe  
  39  3:55  Shield Battery  
  39  3:59  Probe  
  40  4:09  Probe (Chrono Boost)  
  39  4:12  Probe (Chrono Boost), Observer  
  39  4:13  Blink (Chrono Boost)  
  41  4:20  Probe (Chrono Boost)  
  41  4:22  Probe (Chrono Boost)  
  43  4:25  Probe (Chrono Boost)  
  43  4:27  Probe (Chrono Boost)  
  45  4:33  Gateway  
  45  4:35  Probe  
  45  4:36  Assimilator  
  45  4:38  Probe  
  47  4:43  Immortal  
  51  4:48  Zealot  
  51  4:50  Probe  
  51  4:51  Probe  
  55  5:03  Probe x2  
  57  5:10  Forge  
  57  5:11  Zealot  
  57  5:13  Pylon  
  59  5:15  Probe  
  59  5:16  Probe  
  59  5:18  Shield Battery  
  61  5:27  Pylon  
  61  5:28  Probe  
  61  5:29  Immortal (Chrono Boost)  
  61  5:31  Assimilator  
  61  5:33  Probe  
  67  5:41  Probe  
  68  5:46  Probe, Sentry  
  68  5:47  Zealot  
  68  5:48  Protoss Ground Weapons Level 1 (Chrono Boost)  
  68  5:49  Charge (Chrono Boost)  
  73  5:53  Probe  
  74  6:01  Immortal  
  78  6:06  Pylon  
  78  6:12  Pylon  
  78  6:18  Gateway x2  
  78  6:24  Gateway  
  78  6:30  Gateway  
  78  6:32  Probe  
  79  6:33  Probe, Gateway  
  80  6:40  Warp Prism  
  80  6:45  Pylon  
  82  6:54  Stalker  
  82  6:56  Stalker x2  
  88  7:10  Nexus  
  88  7:23  Immortal  
  92  7:41  Stalker x2  
  92  7:42  Zealot x4  
  102  7:56  Zealot x2  
  77  8:15  Stalker  
  77  8:16  Stalker, Sentry x4  
  77  8:17  Sentry  
  87  8:23  Pylon  
  87  8:24  Zealot  
  87  8:25  Pylon  
  87  8:26  Pylon  
  89  8:37  Templar Archives  
  89  8:40  Probe (Chrono Boost)  
  89  8:41  Probe (Chrono Boost)  
  92  8:44  Gateway  
  92  8:46  Probe (Chrono Boost)  
  92  8:47  Zealot x3  
  92  8:48  Zealot  
  98  8:50  Probe x2 (Chrono Boost)  
  98  8:51  Immortal (Chrono Boost)  
  98  8:54  Probe (Chrono Boost)  
  98  8:55  Probe x2 (Chrono Boost)  
  91  8:57  Shield Battery  
  91  8:58  Shield Battery  
  91  9:01  Shield Battery  
  93  9:04  Probe  
  93  9:06  Sentry x3, Protoss Ground Weapons Level 2 (Chrono Boost)  
  93  9:07  Probe x2  
  102  9:11  Assimilator  
  102  9:13  Assimilator  
  102  9:16  High Templar x2  
  106  9:18  High Templar  
  106  9:21  Zealot  
  106  9:23  Probe x2  
  112  9:32  High Templar  
  112  9:35  Warp Prism  
  116  9:38  Zealot  
  116  9:39  Zealot x2  
  116  9:40  Archon  
  116  9:41  Archon  
  116  9:44  High Templar  
  124  9:48  High Templar  
  126  9:54  Archon  
  126  10:01  Pylon, Probe  
  126  10:02  Probe x2  
  126  10:03  Pylon  
  126  10:05  Nexus  
  129  10:11  Forge  
  129  10:14  Probe x2  
  131  10:21  High Templar x3  
  131  10:26  Zealot x2  
  131  10:27  Zealot x3  
  147  10:35  Probe x3  
  149  10:38  Protoss Ground Armor Level 1 (Chrono Boost)  
  149  10:41  Stargate  
  150  10:45  Resonating Glaives  
  150  10:47  Zealot x3  
  156  10:53  Stalker x2  
  139  11:05  Stalker x2  
  141  11:17  Zealot x2  
  141  11:18  Zealot x4  
  150  11:19  Probe x3  
  150  11:32  Probe x4  
  150  11:36  Zealot x3  
  150  11:39  High Templar x4  
  162  11:40  Protoss Ground Weapons Level 3 (Chrono Boost)  
  162  11:44  Probe x2  
  164  11:50  Assimilator  
  164  11:51  High Templar  
  164  11:53  Assimilator  
  158  12:04  Warp Prism  
  158  12:05  Fleet Beacon  
  158  12:06  Probe x3  
  163  12:25  Photon Cannon  
  163  12:28  Photon Cannon  
  163  12:29  Archon  
  163  12:30  Shield Battery, Archon x2  
  163  12:31  Pylon  
  163  12:32  Shield Battery, Archon  
  163  12:35  Protoss Ground Armor Level 2 (Chrono Boost)  
  163  12:36  Shield Battery  
  163  12:40  Pylon  
  173  12:54  Warp Prism  
  173  12:57  High Templar x4  
  177  13:02  Graviton Catapult (Chrono Boost)  
  177  13:08  Carrier (Chrono Boost)  
  177  13:10  Probe  
  177  13:11  Probe x2  
  180  13:22  Pylon  
  180  13:26  Stargate  
  180  13:28  Zealot x2  
  180  13:29  Shield Battery, Zealot x2  
  180  13:30  Stargate  
  180  13:33  Pylon  
  188  13:38  Archon  
  182  14:03  Zealot  
  182  14:04  Zealot x6  
  182  14:05  Nexus  
  182  14:07  Carrier  
  182  14:08  Pylon  
  196  14:10  Pylon  
  196  14:12  Pylon  
  196  14:14  Pylon  
  192  14:33  Carrier (Chrono Boost), Mothership (Chrono Boost)  
  192  14:34  Protoss Air Weapons Level 1 (Chrono Boost)  
  194  14:42  Protoss Shields Level 1 (Chrono Boost)  
  196  14:47  Warp Prism, Carrier (Chrono Boost)  
  198  15:07  Nexus  
  198  15:13  Zealot  
  197  15:47  Shield Battery  
  197  15:48  Shield Battery  
  180  16:04  High Templar x5  
  180  16:05  High Templar x4  
  198  16:17  Archon  
  100  16:37  Zealot x4  
  100  16:38  Zealot  
  100  16:39  Zealot x4  
  87  16:59  Stalker x6  
  87  17:00  Stalker x3  
Tags
 
Add a new tag
Caveats
  • Supply blocks, unpowered buildings, or Contaminate may cause inaccurate times.
  • Supply counts are checked every 10 seconds.